 Dungeon Crawl Stone Soup version 0.27-a0-906-g0a00ce863d (webtiles) character file.

Game seed: 6848095426029417870

145027 mhtbhm the Bludgeoner (level 17, 0/117 HPs)
             Began as a Gargoyle Berserker on Apr 6, 2021.
             Was a High Priest of Trog.
             Slain by a spriggan berserker
             ... wielding a +0 hand axe
             ... summoned by a glowing orange brain
              (11 damage)
             ... on level 2 of the Depths.
             The game lasted 00:48:46 (31521 turns).

mhtbhm the Bludgeoner (Gargoyle Berserker)         Turns: 31521, Time: 00:48:47

Health: 0/117      AC: 39    Str: 34    XL:     17   Next: 41%
Magic:  17/17      EV: 10    Int:  8    God:    Trog [*****.]
Gold:   2766       SH: 15    Dex: 12    Spells: 16/16 levels left

rFire    + + +     SeeInvis .   i - +7 morningstar (vorpal)
rCold    + + +     Faith    +   c - +2 kite shield of the Fifty Tables {rPois rC+}
rNeg     + + +     Spirit   .   P - +6 plate armour "Doet" {rC+ rN+}
rPois    ∞         Reflect  .   S - +1 hat
rElec    +         Harm     .   B - scarf {rC+ rF+}
rCorr    .         Rampage  .   x - +0 pair of fencer's gloves {Riposte Dex+3}
Will     +....                  p - +0 pair of boots
Stlth    ..........             C - amulet of faith
HPRegen  0.29/turn              X - +6 ring of strength
MPRegen  0.15/turn              q - ring of Duleab {Fly rPois rF+++ rN+ Slay+3}

@: on berserk cooldown, flying, slowed, studying Shields, very slow
A: AC +12, big wings, negative energy resistance 1, electricity resistance,
torment resistance 1, unbreathing 1, petrification resistance
a: Renounce Religion, Berserk, Trog's Hand, Brothers in Arms


You were on level 2 of the Depths.
You worshipped Trog.
Trog was extremely pleased with you.
You visited 4 branches of the dungeon, and saw 24 of its levels.
You also visited: Sewer and Bailey.

You collected 5686 gold pieces.
You spent 2920 gold pieces at shops.

Inventory:

Hand Weapons
 a - a +3 vorpal dire flail
 i - a +7 vorpal morningstar (weapon)
 v - the +8 Wrath of Trog {antimagic, *Rage}
   (You found it on level 1 of the Depths)

   It reduces the magical energy of the wielder, and disrupts the spells and
   magical abilities of those hit.
   Natural abilities and divine invocations are not affected.
   It may make you go berserk in combat.
 R - a +2 vampiric broad axe
Missiles
 r - 6 throwing nets
 L - 16 curare-tipped darts (quivered)
Armour
 b - the +1 ring mail "Qenascha" {Str+9}
   (You found it on level 2 of the Lair of Beasts)

   It affects your strength (+9).
 c - the +2 kite shield of the Fifty Tables (worn) {rPois rC+}
   (You took it off Asterion on level 2 of the Depths)

   It protects you from cold.
   It protects you from poison.
 p - a +0 pair of boots (worn)
 x - the +0 pair of fencer's gloves (worn) {Riposte Dex+3}
   (You bought it in a shop on level 2 of the Orcish Mines)

   It affects your dexterity (+3).
 B - a scarf of resistance (worn)
 P - the +6 plate armour "Doet" (worn) {rC+ rN+}
   (You bought it in a shop on level 2 of the Orcish Mines)

   It protects you from cold.
   It protects you from negative energy.
 S - a +1 hat (worn)
Jewellery
 e - a ring of see invisible
 q - the ring of Duleab (right hand) {Fly rPois rF+++ rN+ Slay+3}
   (You bought it in a shop on level 2 of the Orcish Mines)

   [ring of positive energy]

   It affects your accuracy and damage with ranged weapons and melee attacks
   (+3).
   It renders you almost immune to fire.
   It protects you from poison.
   It protects you from negative energy.
   It grants you flight.
 C - an amulet of faith (around neck)
 J - a ring of willpower
 X - a +6 ring of strength (left hand)
Wands
 d - a wand of digging (6)
 F - a wand of mindburst (17)
 K - a wand of charming (12)
 M - a wand of iceblast (52)
 O - a wand of paralysis (10)
 U - a wand of acid (2)
Scrolls
 f - 4 scrolls of magic mapping
 g - 3 scrolls of immolation
 l - a scroll of torment
 m - 5 scrolls of fog
 n - a scroll of holy word
 s - 2 scrolls of brand weapon
 y - 6 scrolls of teleportation
 G - 7 scrolls of enchant armour
 Q - 2 scrolls of summoning
 T - 3 scrolls of noise {unknown}
 Y - 2 scrolls of silence {unknown}
Potions
 j - 2 potions of mutation
 o - 13 potions of curing
 t - 2 potions of resistance
 u - 6 potions of haste
 w - 5 potions of degeneration {unknown}
 z - 2 potions of might
 A - 2 potions of magic {unknown}
 E - 3 potions of lignification {unknown}
 H - 4 potions of attraction {unknown}
 I - 2 potions of invisibility {unknown}
 N - 3 potions of berserk rage
 V - a potion of ambrosia {unknown}
 W - 3 potions of cancellation {unknown}
Miscellaneous
 k - a phantom mirror


   Skills:
 + Level 17.3 Fighting
 + Level 18.1 Maces & Flails
 + Level 0.3 Throwing
 + Level 14.9 Armour
 + Level 7.6 Dodging
 + Level 5.1 Stealth
 + Level 10.2 Shields
 + Level 2.1 Evocations


You had 16 spell levels left.
You didn't know any spells.
Your spell library was empty.

Dungeon Overview and Level Annotations

Branches:
Dungeon (15/15)            Temple (0/1) D:6            Lair (6/6) D:8
 Shoals (0/4) Lair:2       Spider (0/4) Lair:3        Slime (0/5) Lair:6
    Orc (2/2) D:12            Elf (0/3) Orc:2        Vaults (0/5) D:14
 Depths (3/5) D:15          Sewer (visited)          Bailey (visited)

Altars:
Dithmenos
Fedhas
Kikubaaqudgha
Makhleb
Nemelex Xobeh
Okawaru
Qazlal
Ru
Uskayaw
Wu Jian
Yredelemnul
Jiyva

Shops:
D:1 *(   D:2 !*:   D:3 *   D:5 ((*:(   Orc:2 =:*[

Portals:
Hell: Depths:1
Pandemonium: Depths:1


Innate Abilities, Weirdness & Mutations

Your stone body is resilient. (AC +12)
You are immune to poison.
Your large and strong wings let you fly.
You resist negative energy. (rN+)
You are resistant to electric shocks. (rElec)
You are resistant to unholy torment.
You can survive without breathing.
You are immune to petrification.


Message History

The spriggan berserker hits you but does no damage.
Your ogre rages.
The spriggan berserker closely misses you.
You riposte.
You barely miss the spriggan berserker.
The spriggan berserker is moderately wounded.
The spriggan berserker hits your ogre with a +0 hand axe!!
You closely miss the spriggan berserker.
The spriggan berserker is moderately wounded.
Your ogre hits the spriggan berserker with a +0 giant spiked club!!
The spriggan berserker hits you with a +0 hand axe!
* * * LOW HITPOINT WARNING * * *
The spriggan berserker hits your ogre with a +0 hand axe!
The azure jelly jiggles.
Your ogre closely misses the spriggan berserker.
A large slime creature splits.
The spriggan berserker closely misses you.
You riposte.
You impale the spriggan berserker!!
The spriggan berserker is severely wounded.
The spriggan berserker hits your ogre with a +0 hand axe!
Your ogre dies!
Your ogre's corpse disappears in a puff of smoke!
You miss the spriggan berserker.
The spriggan berserker is severely wounded.
The spriggan berserker hits you but does no damage.
The slime creature quivers.
You sock the spriggan berserker!
The spriggan berserker is almost dead.
You block the spriggan berserker's attack.
The spriggan berserker hits you with a +0 hand axe!
* * * LOW HITPOINT WARNING * * *
Unknown command.
Unknown command.
You feel better.
The spriggan berserker hits you but does no damage. x2
You block the spriggan berserker's attack.
Unknown command.
You closely miss the spriggan berserker.
The spriggan berserker is almost dead.
The spriggan berserker hits you with a +0 hand axe!
You die...

#.........#.................
#.........#.................
####..........#..............††
###.......#.....>..).....##[.....
#.....##.........................
#................[...............
.................................
.................................
#....##........i@G...............
#.#..........#######.............
#...........##D###i##............
.#.........##JJ#J#CJ##...........
...........#©..iJG.J!#...........
#...#......###..JJ.###...........
#...#......##..._..§##...........
#..........###.....###...........
....#......#:....J.|.#........


You could see an ice dragon (summoned), a stone giant (summoned), 2 azure
jellies, an enormous slime creature, 4 slime creatures, 2 spriggan riders, a
rockslime, an eye of devastation, a glowing orange brain and a spriggan
berserker (summoned, berserk, regenerating, strong-willed).

Vanquished Creatures
  Asterion (Depths:2)
  3 rockslimes (Depths:2)
  2 frost giants
  A very ugly thing (D:15)
  2 stone giants
  Snorg (Orc:1)
  Josephine (Lair:4)
  2 fire dragons
  An ettin (Depths:1)
  4 great orbs of eyes
  10 hydras
  9 boulder beetles
  5 ogre magi
  9 centaur warriors
  2 catoblepae
  14 two-headed ogres
  A merfolk avatar (Lair:6)
  A death knight (D:14)
  3 death yaks (D:8)
  3 tengu warriors
  A deep troll shaman (Depths:1)
  3 deep troll earth magi (Depths:1)
  6 spriggan berserkers (Depths:1)
  A spriggan (Depths:1)
  6 hell knights (Depths:2)
  Sonja (Lair:2)
  A fire crab (shapeshifter) (D:14)
  A deep troll (Depths:1)
  An iron troll (Depths:1)
  3 harpies (Lair:6)
  2 orc knights
  2 glowing orange brains
  2 necromancers (Depths:2)
  2 phantasmal warriors (D:14)
  25 ugly things
  2 deep elf pyromancers (D:14)
  5 cyclopes
  2 orc sorcerers (Orc:1)
  2 manticores (D:12)
  A wolf spider (Lair:3)
  10 elephants
  A torpor snail (Lair:5)
  A kobold demonologist (D:12)
  An unseen horror (D:12)
  6 gargoyles
  11 cane toads
  3 rime drakes
  2 freezing wraiths (D:14)
  5 yaktaurs
  A tengu conjurer (Depths:2)
  6 komodo dragons
  9 polar bears
  A wind drake (Lair:6)
  9 trolls
  6 dream sheep (Lair:6)
  A wind drake (shapeshifter) (D:15)
  6 hornets
  15 blink frogs
  10 slime creatures
  2 water elementals (Depths:1)
  9 wyverns
  50 yaks
  11 wraiths
  Eustachio (D:5)
  4 basilisks
  2 shadows
  A basilisk (shapeshifter) (D:14)
  A vampire (D:14)
  3 vampire mosquitoes (D:12)
  A steam dragon (Lair:3)
  Menkaure (D:6)
  A warg (D:15)
  4 acid dragons
  13 water moccasins
  10 black bears
  3 ice beasts (D:8)
  22 orc warriors
  A necrophage (D:7)
  5 boggarts
  A sky beast (D:5)
  33 ogres
  25 wolves
  10 centaurs
  10 kobold brigands
  10 bullfrogs
  2 gnoll sergeants (D:12)
  5 scorpions
  7 killer bees (D:7)
  A howler monkey (D:5)
  3 vampire bats (D:8)
  8 wights
  3 electric eels
  2 centaur zombies (D:7)
  2 bullfrog zombies
  2 hounds
  2 gnoll shamans
  9 orc priests
  3 centaur skeletons
  Crazy Yiuf (D:2)
  4 bullfrog skeletons
  Terence (D:2)
  3 iguanas
  Natasha (thrice) (D:2)
  13 orc wizards
  2 killer bee zombies (D:6)
  A centaur simulacrum (D:8)
  12 adders
  17 gnolls
  2 shadow imps
  3 worms
  A dart slug (D:3)
  68 orcs
  10 ball pythons
  8 endoplasms
  5 giant cockroaches
  10 goblins
  7 hobgoblins
  4 quokkas
  7 bats
  2 frilled lizards
  27 kobolds
  11 rats
  2 bushes (Lair:4)
755 creatures vanquished.

Vanquished Creatures (collateral kills)
  Bai Suzhen (Depths:2)
  An ice dragon (Depths:2)
  Erica (D:8)
  A sea snake (Lair:6)
  A basilisk (D:15)
  3 orc warriors
  A boggart (D:15)
  A killer bee simulacrum (D:8)
  A goblin (D:8)
11 creatures vanquished.

Vanquished Creatures (others)
  A lindwurm (Lair:1)
  A cane toad (Lair:6)
  A centaur (Bailey)
  2 boggarts (D:15)
  An orc wizard (D:8)
  3 orcs
  12 fungi
  41 plants
  8 toadstools (Lair:1)
70 creatures vanquished.

Grand Total: 836 creatures vanquished

Notes
Turn   | Place    | Note
-------+----------+-------------------------------------------
     0 | D:1      | mhtbhm the Gargoyle Berserker began the quest for the Orb.
     0 | D:1      | Reached XP level 1. HP: 14/14 MP: 1/1
   568 | D:1      | Reached XP level 2. HP: 19/19 MP: 2/2
  1098 | D:1      | Found Wuuti's General Store.
  1123 | D:1      | Found Usholon's Antique Weapon Shoppe.
  1220 | D:1      | Reached XP level 3. HP: 24/24 MP: 3/3
  1797 | D:2      | Found Gebenet's Antique Armour Boutique.
  1960 | D:2      | Noticed Natasha
  1960 | D:2      | Noticed Terence
  1971 | D:2      | Killed Natasha
  1972 | D:2      | Reached skill level 4 in Maces & Flails
  1972 | D:2      | Reached XP level 4. HP: 29/29 MP: 4/4
  1978 | D:2      | Killed Terence
  1982 | D:2      | Noticed Natasha
  2034 | D:2      | Killed Natasha
  2035 | D:2      | Reached XP level 5. HP: 33/33 MP: 5/5
  2098 | D:2      | Noticed Natasha
  2103 | D:2      | Killed Natasha
  2103 | D:2      | Reached ** piety under Trog
  2135 | D:2      | Found Looham's Book Emporium.
  2461 | D:2      | Found a runed translucent door.
  2462 | D:2      | Noticed Crazy Yiuf
  2551 | D:2      | Found Segaok's Assorted Antiques.
  2567 | D:2      | Found Iryck's Distillery.
  2643 | D:2      | Found a faded altar of an unknown god.
  2877 | D:2      | Killed Crazy Yiuf
  2878 | D:2      | Reached skill level 5 in Maces & Flails
  3302 | D:3      | Reached XP level 6. HP: 35/39 MP: 6/6
  3344 | D:3      | Found a blossoming altar of Fedhas.
  3573 | D:3      | Found Udwiepad's General Store.
  3580 | D:3      | Reached *** piety under Trog
  3979 | D:4      | Reached skill level 6 in Maces & Flails
  4066 | D:4      | Reached XP level 7. HP: 44/44 MP: 7/7
  4210 | D:4      | Found a basalt altar of Yredelemnul.
  4703 | D:5      | Entered Level 5 of the Dungeon
  4711 | D:5      | Found a sacrificial altar of Ru.
  5350 | D:5      | Found an ancient bone altar of Kikubaaqudgha.
  5391 | D:5      | Noticed Eustachio
  5423 | D:5      | Killed Eustachio
  5628 | D:5      | Found Ynijenla's Antique Weapon Shop.
  5649 | D:5      | Found Reung's Assorted Antiques.
  5652 | D:5      | Found Waschehu's Book Emporium.
  5655 | D:5      | Bought an embroidered scarf for 232 gold pieces
  5842 | D:5      | Reached skill level 7 in Maces & Flails
  5899 | D:5      | Reached skill level 5 in Fighting
  5899 | D:5      | Reached XP level 8. HP: 39/49 MP: 8/8
  5989 | D:5      | Found Lole's Antique Weapon Shoppe.
  6004 | D:5      | Reached skill level 5 in Armour
  6233 | D:5      | Found a sparkling altar of Nemelex Xobeh.
  6288 | D:5      | Found Zejyam's Weapon Emporium.
  6519 | D:6      | Found a glowing drain.
  6540 | D:6      | Reached **** piety under Trog
  6595 | Sewer    | Entered a sewer
  7067 | D:6      | Noticed Menkaure
  7074 | D:6      | Killed Menkaure
  7075 | D:6      | Reached skill level 8 in Maces & Flails
  7383 | D:6      | Reached XP level 9. HP: 47/55 MP: 9/9
  7547 | D:6      | Reached skill level 9 in Maces & Flails
  7587 | D:6      | Found a burning altar of Makhleb.
  7643 | D:6      | Found a staircase to the Ecumenical Temple.
  7649 | D:6      | Noticed a +4 dagger
  7649 | D:6      | Noticed a +0 hand axe
  7666 | D:6      | Found a hide-covered altar of Uskayaw.
  7998 | D:6      | Noticed a troll
  8009 | D:6      | Killed a troll
  8013 | D:6      | Reached ***** piety under Trog
  8465 | D:7      | Reached skill level 10 in Maces & Flails
  8991 | D:7      | Reached XP level 10. HP: 44/63 MP: 10/10
  9391 | D:8      | Found a staircase to the Lair.
  9391 | D:8      | Noticed a death yak
  9391 | D:8      | Noticed a death yak
  9391 | D:8      | Noticed a death yak
  9409 | D:8      | Killed a death yak
  9417 | D:8      | Killed a death yak
  9418 | D:8      | Reached skill level 11 in Maces & Flails
  9456 | D:8      | Killed a death yak
  9501 | D:8      | Found a flagged portal.
  9514 | D:8      | Noticed Erica
  9534 | D:8      | Killed Erica
  9539 | Bailey   | Entered a bailey
  9752 | Bailey   | Reached XP level 11. HP: 58/69 MP: 11/11
 10019 | Bailey   | Reached skill level 12 in Maces & Flails
 10573 | D:8      | Reached skill level 10 in Armour
 11308 | D:8      | Received a gift from Trog
 11372 | D:8      | Reached skill level 1 in Stealth
 11680 | Lair:1   | Entered Level 1 of the Lair of Beasts
 11863 | Lair:1   | Noticed a seven-headed hydra
 11871 | Lair:1   | Killed a seven-headed hydra
 11964 | Lair:1   | Noticed a lindwurm
 11964 | Lair:1   | Noticed a catoblepas
 11985 | Lair:1   | Found a runed translucent door.
 12066 | Lair:1   | Noticed a seven-headed hydra
 12078 | Lair:1   | Killed a seven-headed hydra
 12079 | Lair:1   | Reached skill level 10 in Fighting
 12079 | Lair:1   | Reached skill level 13 in Maces & Flails
 12284 | Lair:1   | Reached XP level 12. HP: 71/77 MP: 4/12
 12729 | Lair:1   | Killed a catoblepas
 12976 | Lair:2   | Noticed a six-headed hydra
 12986 | Lair:2   | Killed a six-headed hydra
 13023 | Lair:2   | Found a staircase to the Shoals.
 13039 | Lair:2   | Noticed an eight-headed hydra
 13048 | Lair:2   | Killed an eight-headed hydra
 13096 | Lair:2   | Noticed Sonja
 13117 | Lair:2   | Killed Sonja
 13640 | Lair:2   | Reached skill level 14 in Maces & Flails
 13653 | Lair:2   | Identified the +1 ring mail "Qenascha" {Str+9}
 14107 | Lair:3   | Found a hole to the Spider Nest.
 14339 | Lair:3   | Reached XP level 13. HP: 81/85 MP: 4/13
 14845 | Lair:4   | Noticed Josephine
 14856 | Lair:4   | Received a gift from Trog
 14859 | Lair:4   | Killed Josephine
 15383 | Lair:4   | Reached skill level 15 in Maces & Flails
 16941 | Lair:5   | Reached skill level 5 in Dodging
 17213 | Lair:5   | Reached ****** piety under Trog
 17353 | Lair:5   | Gained mutation: Your large and strong wings let you fly.
                  | [Gargoyle growth]
 17353 | Lair:5   | Reached XP level 14. HP: 66/94 MP: 4/14
 17865 | Lair:6   | Entered Level 6 of the Lair of Beasts
 17939 | Lair:6   | Received a gift from Trog
 18104 | Lair:6   | Identified 3 scrolls of acquirement
 18104 | Lair:6   | Acquired 867 gold pieces
 18108 | Lair:6   | Acquired 1081 gold pieces
 18112 | Lair:6   | Acquired 1108 gold pieces
 18252 | Lair:6   | Found a viscous altar of Jiyva.
 18253 | Lair:6   | Found a staircase to the Slime Pits.
 18320 | Lair:6   | Reached skill level 1 in Evocations
 20221 | D:9      | Identified the +1 leather armour of Altruism {Int+4}
 20412 | D:9      | You are sucked into a shaft and drop 3 floors!
 20454 | D:12     | Received a gift from Trog
 20472 | D:12     | Reached skill level 16 in Maces & Flails
 20975 | D:12     | Found a staircase to the Orcish Mines.
 21109 | D:12     | Reached XP level 15. HP: 86/101 MP: 15/15
 21768 | D:12     | Reached skill level 15 in Fighting
 22187 | D:12     | Received a gift from Trog
 22486 | Orc:1    | Entered Level 1 of the Orcish Mines
 22487 | Orc:1    | Noticed Snorg
 22502 | Orc:1    | Killed Snorg
 23451 | Orc:1    | You are sucked into a shaft and drop 1 floor!
 23451 | Orc:2    | Entered Level 2 of the Orcish Mines
 23514 | Orc:2    | Reached skill level 1 in Shields
 23702 | Orc:2    | Identified the +4 mace of Trog's Vengeance {vorpal, Contam
                  | Int+2 SInv} (Trog gifted it to you on level 2 of the Orcish
                  | Mines)
 23702 | Orc:2    | Received a gift from Trog
 23763 | Orc:2    | Found Atont's Book Shoppe.
 23763 | Orc:2    | Found Ylewin's Armour Boutique.
 23764 | Orc:2    | Found Fidwij's Jewellery Shop.
 23764 | Orc:2    | Found Igiepe's Assorted Antiques.
 23777 | Orc:2    | Bought the ring of Duleab {Fly rPois rF+++ rN+ Slay+3} for
                  | 1132 gold pieces
 23779 | Orc:2    | Bought the +0 pair of fencer's gloves {Riposte Dex+3} for
                  | 560 gold pieces
 23779 | Orc:2    | Found the +0 pair of fencer's gloves {Riposte Dex+3}
 23779 | Orc:2    | Bought the +6 plate armour "Doet" {rC+ rN+} for 996 gold
                  | pieces
 24166 | Orc:2    | Found a staircase to the Elven Halls.
 24971 | D:13     | Received a gift from Trog
 25190 | D:13     | Reached skill level 17 in Maces & Flails
 25683 | D:14     | Reached XP level 16. HP: 108/110 MP: 16/16
 25766 | D:14     | Reached skill level 5 in Shields
 26156 | D:14     | Received a gift from Trog
 26427 | D:14     | Found a gate to the Vaults.
 26506 | D:14     | Found a stormy altar of Qazlal.
 26766 | D:15     | Entered Level 15 of the Dungeon
 27072 | D:15     | Found a staircase to the Depths.
 27279 | D:15     | Found an iron altar of Okawaru.
 27888 | D:15     | Found an ornate altar of the Wu Jian Council.
 28148 | Depths:1 | Entered Level 1 of the Depths
 28159 | Depths:1 | Received a gift from Trog
 28162 | Depths:1 | Reached skill level 5 in Stealth
 28501 | Depths:1 | Found a sparkling altar of Nemelex Xobeh.
 28629 | Depths:1 | Found a one-way gate leading to the halls of Pandemonium.
 29218 | Depths:1 | Found a gateway to Hell.
 29268 | Depths:2 | Noticed Bai Suzhen
 29653 | Depths:1 | Found the +8 Wrath of Trog {antimagic, *Rage}
 29914 | Depths:2 | Killed Bai Suzhen
 29915 | Depths:2 | Reached XP level 17. HP: 116/116 MP: 17/17
 30075 | Depths:2 | Found a shadowy altar of Dithmenos.
 30118 | Depths:2 | Identified the +2 kite shield of the Fifty Tables {rPois
                  | rC+}
 30118 | Depths:2 | Noticed Asterion
 30146 | Depths:2 | Killed Asterion
 30147 | Depths:2 | Found a transporter.
 30656 | Depths:2 | Reached skill level 18 in Maces & Flails
 31474 | Depths:2 | Found a transporter.
 31485 | Depths:2 | Found a viscous altar of Jiyva.
 31492 | Depths:2 | Reached skill level 10 in Shields
 31497 | Depths:2 | Received a gift from Trog
 31519 | Depths:2 | HP: 1/117 [spriggan berserker/+0 hand axe[a glowing orange
                  | brain] (7)]
 31521 | Depths:2 | Slain by a spriggan berserker

Illustrated notes

Levels and vault maps discovered:
D:1:      lemuel_arrival_river_bridge, layout_loops_ring, serial_shops,
          nicolae_shop_waterfront, shop_statue, nrook_loot_triangle
D:2:      layout_basic, basic_ecumenical_altar, serial_shops, shop_fountains,
          nicolae_shop_crystal, nicolae_shop_behind_doors,
          nicolae_shop_overgrown_old_shop, kennysheep_generic_room_10,
          uniq_crazy_yiuf_cottage, uniq_terence, uniq_natasha
D:3:      layout_rooms, old_standard_altar, serial_shops, nicolae_shop_stone,
          corexii_leaking_fountain, minivault_4, chequers_serial_rivers_small_b,
          minmay_misc_feat_secret_circle
D:4:      layout_loops_ring, lemuel_doored_altar, amethyst_killhole
D:5:      layout_loops_ring, nicolae_ru_sacrificial_ziggurat,
          amcnicky_altar_gilded, kennysheep_mini_moat, serial_shops, shop,
          nicolae_shop_waterfront, nicolae_shop_waterfront, shop, shop,
          uniq_eustachio
D:6:      minmay_octagon_keep, layout_basic, kennysheep_little_box,
          dancing_weapons_uskayaw, minmay_temple_entry_crystal_x,
          cheibrodos_sewer_entry_drain, uniq_menkaure
D:7:      layout_basic, corner_web_ring
D:8:      layout_cave_pools, dpeg_lair_monsters, enter_bailey_5, serial_ice,
          serial_ice_i, serial_ice_f, serial_ice_c, serial_ice_m,
          roderic_batcave, hangedman_abyss_or_decor_stagger, minivault_10,
          hangedman_decor_points, uniq_erica
D:9:      layout_basic, minivault_1, kennysheep_donut
D:12:     minmay_the_grid_octo_tiled_squarecenter_mashed
          [minmay_the_grid_octo_checkerflower, minmay_the_grid_octo_clover_2,
          minmay_the_grid_octo_toaster, minmay_the_grid_octo_concentric,
          minmay_the_grid_square_5x5_megaprize_checkered,
          minmay_the_grid_square_5x5_bite,
          minmay_the_grid_square_5x5_pentomino_r,
          minmay_the_grid_square_5x5_six_small,
          minmay_the_grid_square_5x5_inner_i], layout_long_grid, orc_0_dummy,
          minmay_puff
D:13:     layout_cross
D:14:     kennysheep_bubbly, layout_cave_pools, david_vaults_1,
          kennysheep_flooded_box, serial_rivers, chequers_serial_rivers_micro_a,
          chequers_serial_rivers_micro_b, chequers_serial_rivers_small_b,
          chequers_serial_rivers_small_3, chequers_serial_rivers_large_a,
          chequers_serial_rivers_room_a
D:15:     gammafunk_enter_depths_forms, layout_rooms, okawaru_gym_becter,
          nzn_wu_jian_council_hall
Lair:1:   gammafunk_lair_enchanted_lake, layout_loops_ring, grunt_megastairs_1,
          lemuel_fruit_tree, infiniplex_staircase_pool_2
Lair:2:   beast_lair_carwin_large_1, layout_hall_layers,
          elwin_shoals_entry_rocks, uniq_sonja
Lair:3:   layout_misc_corridors, spider_nest_entry_rubble, serial_bayou_shore_a
Lair:4:   beast_lair_carwin_large_2, layout_hall_layers, serial_forest,
          infiniplex_forest_clump_C, infiniplex_forest_clump_large,
          infiniplex_forest_clump_medium, infiniplex_forest_lined_room_3,
          infiniplex_forest_corner_1, infiniplex_forest_corner_1,
          grunt_megastairs_3, uniq_josephine
Lair:5:   layout_hall_layers, patterned_corridor
Lair:6:   gammafunk_lair_ancient_temple, layout_gridlike, slime_altar_1
Orc:1:    layout_caves, uniq_snorg
Orc:2:    st_orc_ogre_mass, layout_caves
Depths:1: layout_cave_shapes, pan_entry, nemelex_xobeh_ov_fountains_minmay,
          hell_entry, hangedman_abyss_or_decor_stabs, kennysheep_doodads,
          grunt_decor_resistance, minmay_guarded_unrand_wrath_of_trog
Depths:2: gammafunk_jiyva_shrine, layout_cave_shapes,
          grunt_dithmenos_smoke_and_mirrors, abyss_entry, pf_coc_iceberg,
          uniq_bai_suzhen, uniq_asterion
Depths:3: thingy_vault_2, layout_honeycomb, hell_entry, rand_demon_pan_entry_3,
          minmay_shop_star, infiniplex_staircase_zigzag_1, uniq_sojobo

Skill      XL: |  1  2  3  4  5  6  7  8  9 10 11 12 13 14 15 16 17 |
---------------+----------------------------------------------------+-----
Fighting       | 4 5 6 7 8 10 11 13 14 16 17 | 17.3
Maces & Flails | 4 5 6 7 8 10 11 13 14 15 16 17 18 | 18.1
Dodging        | 2 3 5 6 7 |  7.6
Armour         | 3 4 6 7 9 10 11 12 13 14 | 14.9
Stealth        | 1 3 4 5 |  5.1
Evocations     | 1 2 |  2.1
Shields        | 4 9 10 | 10.2
Throwing       | |  0.3

Action                   |  1- 3 |  4- 6 |  7- 9 | 10-12 | 13-15 | 16-18 || total
-------------------------+-------+-------+-------+-------+-------+-------++-------
Melee: Mace              |   125 |   207 |   219 |   368 |       |       ||   919
       Whip              |       |     8 |   341 |       |       |       ||   349
       Dire flail        |       |       |       |   367 |   799 |       ||  1166
       Morningstar       |       |       |       |       |   290 |   469 ||   759
Throw: Dart              |       |       |       |     3 |       |       ||     3
Invok: Berserk           |     2 |     6 |     9 |    10 |    14 |    16 ||    57
       Brothers in Arms  |       |       |       |     1 |       |     6 ||     7
       Trog's Hand       |       |       |       |     1 |       |     1 ||     2
Evoke: Wand              |       |       |       |     7 |    14 |     5 ||    26
  Use: Scroll            |       |     2 |     4 |     3 |    15 |     7 ||    31
       Potion            |       |       |       |     6 |     2 |     6 ||    14
 Stab: Petrified         |       |       |       |     3 |     1 |     2 ||     6
       Sleeping          |       |       |       |       |     3 |       ||     3
       Distracted        |       |       |       |       |     1 |       ||     1
Armor: Animal skin       |    46 |    14 |       |       |       |       ||    60
       Plate armour      |       |   161 |   379 |   740 |    64 |   451 ||  1795
       Ring mail         |       |       |       |    17 |   446 |       ||   463
Dodge: Dodged            |   103 |    95 |   200 |   463 |   681 |   198 ||  1740
Block: Buckler           |       |       |       |       |    68 |   124 ||   192
       Kite shield       |       |       |       |       |       |   119 ||   119
       Rpst.: Morningstar |       |       |       |       |     5 |    36 ||    41

Table legend: (Time is in decaauts)
 A = Elapsed time spent in this place.
 B = Non-inter-level travel time spent in this place.
 C = Inter-level travel time spent in this place.
 D = Time resting spent in this place.
 E = Time spent auto-exploring this place.
 F = Levels seen in this place.
 G = Mean time per level.
                   A        B        C        D        E       F      G
               +--------+--------+--------+--------+--------+-----+--------+
         Total |  31369 |  30707 |    662 |   7844 |  16281 |  26 | 1206.5 |
       Dungeon |  16942 |  16495 |    447 |   4264 |   8836 |  13 | 1303.2 |
          Lair |   7706 |   7491 |    215 |    972 |   5160 |   6 | 1284.3 |
  Orcish Mines |   1795 |   1795 |      0 |    486 |    756 |   2 |  897.5 |
        Depths |   3411 |   3411 |      0 |   1767 |   1060 |   3 | 1137.0 |
         Sewer |    480 |    480 |      0 |      0 |    284 |   1 |  480.0 |
        Bailey |   1033 |   1033 |      0 |    354 |    183 |   1 | 1033.0 |
               +--------+--------+--------+--------+--------+-----+--------+

Top non-repeatable levels by time:
    D:12: 2597 daAuts
  Lair:4: 1808 daAuts
     D:1: 1791 daAuts
     D:5: 1781 daAuts
Depths:1: 1742 daAuts
     D:6: 1477 daAuts
  Lair:6: 1404 daAuts
Depths:2: 1399 daAuts
     D:2: 1390 daAuts
  Lair:1: 1388 daAuts
    D:15: 1363 daAuts
     D:8: 1229 daAuts
  Lair:5: 1189 daAuts
   Orc:2: 1139 daAuts
    D:14: 1138 daAuts
